Description

Inspired by zuka

Build Order

Get SALT Encoding   

  12  0:01  Probe  
  13  0:13  Probe  
  14  0:17  Pylon  
  14  0:22  Probe  
  15  0:31  Probe  
  16  0:37  Gateway  
  16  0:39  Probe  
  16  0:46  Assimilator  
  17  0:51  Probe  
  17  0:56  Assimilator  
  18  1:03  Probe  
  19  1:10  Gateway  
  19  1:11  Probe  
  20  1:19  Probe  
  21  1:28  Cybernetics Core  
  21  1:30  Probe  
  22  1:39  Pylon  
  23  1:56  Warp Gate  
  24  2:04  Stalker x2  
  29  2:16  Pylon  
  30  2:34  Stalker x2  
  34  2:59  Nexus  
  34  3:13  Robotics Facility  
  35  3:21  Pylon  
  36  3:33  Shield Battery  
  38  3:52  Stalker x2  
  46  4:19  Robotics Facility x2  
  47  4:29  Assimilator x2  
  47  4:31  Observer  
  50  4:42  Twilight Council  
  50  4:44  Stalker x2  
  57  5:04  Pylon  
  58  5:09  Zealot x2  
  62  5:18  Charge  
  64  5:31  Robotics Bay  
  64  5:32  Stalker x2  
  70  5:56  Nexus  
  70  6:07  Forge x2  
  70  6:10  Colossus x2  
  74  6:16  Protoss Ground Armor Level 1  
  78  6:22  Protoss Ground Weapons Level 1  
  80  6:31  Gateway  
  81  6:40  Gateway  
  89  7:04  Colossus x2  
  93  7:11  Stalker x2  
  96  7:17  Gateway x2  
  103  7:35  Zealot x2  
  108  7:44  Protoss Ground Armor Level 2  
  110  7:46  Zealot x2  
  110  7:48  Protoss Ground Weapons Level 2  
  122  7:58  Colossus  
  122  7:59  Assimilator x2  
  123  8:09  Zealot x2  
  127  8:19  Gateway x2  
  128  8:28  Zealot x2  
  152  8:57  Photon Cannon  
  169  9:33  Observer  
  174  9:42  Extended Thermal Lance  
Spawning Tool Build Advisor. Get it on Overwolf

Go to:

Details

  • Created by: magz__
  • Published on: Jan 21, 2019
  • Modified on: Jan 21, 2019
  • Patch: 4.7.1
  • Difficulty: Easy
Show
View Real Time Build Order
Export as new Build Order

Comments (1)

On Jan. 21, 2019, 10:41 a.m., zuka  said:

Ahah man, really happy to see some variations of my build order :)

Create an account to comment!